 Dungeon Crawl Stone Soup version 0.23-a0-629-gae4348f6cf (webtiles) character file.

63 HereIgoKillingAgain the Bolt Thrower (level 4, -5/26 HPs)
             Began as a Kobold Hunter on Dec 25, 2018.
             Slain by a worm (8 damage)
             ... on level 2 of the Dungeon.
             The game lasted 00:01:34 (1018 turns).

HereIgoKillingAgain the Bolt Thrower (KoHu)         Turns: 1018, Time: 00:01:35

Health: -5/26      AC:  3    Str:  9    XL:     4   Next: 31%
Magic:  4/4        EV: 14    Int: 12    God:
Gold:   25         SH:  0    Dex: 16    Spells: 3/3 levels left

rFire    . . .     SeeInvis .   b - +1 short sword
rCold    . . .     Gourm    .   (shield restricted)
rNeg     . . .     Faith    .   c - +0 leather armour
rPois    .         Spirit   .   (no helmet)
rElec    .         Reflect  .   (no cloak)
rCorr    .         Harm     .   (no gloves)
MR       .....                  (no boots)
Stlth    ++........             (no amulet)
HPRegen  0.08/turn              (no ring)
MPRegen  0.09/turn              (no ring)

@: lethally poisoned (-5 -> -7)
A: small, carnivore
a: no special abilities


You were on level 2 of the Dungeon.
You were not hungry.

You visited 1 branch of the dungeon, and saw 2 of its levels.

You collected 25 gold pieces.

Inventory:

Hand Weapons
 a - a +1 hand crossbow
 b - a +1 short sword (weapon)
Missiles
 l - 22 arrows
Armour
 c - a +0 leather armour (worn)
Comestibles
 f - a ration


   Skills:
 - Level 2.1 Fighting
 + Level 6.7 Crossbows
 - Level 2.4 Dodging
 - Level 1.3 Stealth


You had 3 spell levels left.
You didn't know any spells.
Your spell library was empty.

Dungeon Overview and Level Annotations

Branches:
Dungeon (2/15)

Altars:
Dithmenos


Innate Abilities, Weirdness & Mutations

You are small and have problems with some larger weapons.
You are carnivorous and can eat meat at any time.


Message History

The bat hits you but does no damage. The adder barely misses you.
The bat barely misses you. The bat completely misses you.
A frilled lizard comes into view.
You hit the bat.
The bat is severely wounded.
The bat misses you. The adder barely misses you.
You hit the adder.
The adder is moderately wounded.
* * * LOW HITPOINT WARNING * * *
You feel sick. The bat hits you but does no damage.
The adder barely misses you.
You hit the adder.
The adder is severely wounded.
The adder barely misses you.
You miss the adder.
The adder is severely wounded.
The adder completely misses you.
An adder comes into view.
The worm bites you!
You die...

##########
#........#####
## #........#.[.
#.
#........#.###
#. #............
..( #........#.#
... #.......bS@#
... #........w##
..(
#.......l...#
...
#..........##..#
... ##.........#
##.#
#.......#### §_
........# §
#....S...


You could see a worm, 2 adders, a bat and a frilled lizard.

Vanquished Creatures
  An adder (D:2)
  An ooze (D:1)
  2 dart slugs (D:1)
  A ball python (D:1)
  3 bats
  5 giant cockroaches
  6 goblins
  6 hobgoblins
  5 jackals (D:1)
  4 frilled lizards
  6 kobolds
  A rat (D:1)
41 creatures vanquished.

Notes
Turn   | Place    | Note
-------+----------+-------------------------------------------
     0 | D:1      | HereIgoKillingAgain the Kobold Hunter began the quest for
                  | the Orb.
     0 | D:1      | Reached XP level 1. HP: 12/12 MP: 1/1
    23 | D:1      | Reached skill level 5 in Crossbows
    58 | D:1      | Reached XP level 2. HP: 16/17 MP: 2/2
   231 | D:1      | Reached XP level 3. HP: 21/21 MP: 3/3
   253 | D:1      | Reached skill level 6 in Crossbows
   924 | D:2      | Reached XP level 4. HP: 26/26 MP: 4/4
  1012 | D:2      | Found a shadowy altar of Dithmenos.
  1018 | D:2      | Slain by a worm

Vault maps used:
D:1:      dpeg_arrival_rooms_c
D:2:      grunt_dithmenos_smoke_and_mirrors, grunt_ministairs_6

Skill      XL: |  1  2  3 |
---------------+----------+-----
Crossbows      | 5 6 |  6.7
Fighting       | |  2.1
Dodging        | |  2.4
Stealth        | |  1.3

Action                   |  1- 3 |  4- 6 || total
-------------------------+-------+-------++-------
Melee: Short sword       |     1 |    33 ||    34
 Fire: Hand crossbow     |    78 |    15 ||    93
  Use: Scroll            |       |     6 ||     6
Armor: Leather armour    |     1 |    12 ||    13
Dodge: Dodged            |    28 |    49 ||    77

Table legend:
 A = Non-vault XP
 B = Vault XP
 C = Vault XP percentage of total XP
 D = Non-vault monster count
 E = Vault monster count
 F = Vault count percentage of total count
                 A         B        C        D         E       F
            +---------+---------+-------+---------+---------+-------
      Total |      87 |       4 |   4.4 |      39 |       2 |   4.9
            +---------+---------+-------+---------+---------+-------
        D:1 |      59 |       0 |   0.0 |      29 |       0 |   0.0
        D:2 |      28 |       4 |  12.5 |      10 |       2 |  16.7
            +---------+---------+-------+---------+---------+-------
